2787 views
Uploaded 2019-12-01 21:23:50
Game version 1.32.0.3 / 1.32.0.3.1
19:17 long 4on4 ladder game on (8)Feralas_LV
Saved by BEARAND
2787 views
Uploaded 2019-12-01 21:23:50
Game version 1.32.0.3 / 1.32.0.3.1
19:17 long 4on4 ladder game on (8)Feralas_LV


113 units @ 8.1k
/ 0k
268 buildings @ 22k
/ 10.2k


| Potion of Healing | 1 | 150 |
| Orb of Venom | 2 | 650 |
| Lesser Clarity Potion | 1 | 70 |
| Staff of Teleportation | 2 | 300 |
| Boots of Speed | 2 | 500 |
| Circlet of Nobility | 1 | 175 |
| Periapt of Vitality | 1 | 325 |
| Scroll of Regeneration | 1 | 100 |
| Staff of Sanctuary | 2 | 500 |
| total: | 13 | 2770g |
| Wisp | 41 | 2460 | / | 0 |
| total: | 41 | 2460g | / | 0w |
| Altar of Elders | 1 | 180 | / | 50 |
| Moon Well | 36 | 6480 | / | 1440 |
| Hunter's Hall | 1 | 210 | / | 100 |
| Tree of Life | 2 | 680 | / | 370 |
| Ancient of Wonders | 1 | 90 | / | 30 |
| Tree of Ages | 1 | 320 | / | 180 |
| Tree of Eternity | 1 | 330 | / | 200 |
| total: | 41 | 7640g | / | 1990w |
| 0:02 | Wisp |
| 0:02 | Wisp |
| 0:13 | Altar of Elders |
| 0:18 | Moon Well |
| 0:23 | Wisp |
| 0:23 | Wisp |
| 0:46 | Wisp |
| 0:46 | Wisp |
| 0:58 | Wisp |
| 0:58 | Wisp |
| 1:16 | Wisp |
| 1:31 | Moon Well |
| 1:44 | Wisp |
| 1:44 | Wisp |
| 2:10 | Shadow Strike |
| 2:28 | Wisp |
| 2:28 | Wisp |
| 2:29 | Wisp |
| 2:30 | Wisp |
| 3:14 | Wisp |
| 3:14 | Wisp |
| 4:09 | Staff of Teleportation |
| 4:09 | Boots of Speed |
| 4:09 | Circlet of Nobility |
| 4:15 | Tree of Ages |
| 5:12 | Blink |
| 5:18 | Moon Well |
| 5:22 | Moon Well |
| 5:30 | Moon Well |
| 5:45 | Moon Well |
| 6:31 | Hunter's Hall |
| 6:50 | Tree of Eternity |
| 7:25 | Tree of Life |
| 7:34 | Ancient of Wonders |
| 7:38 | Ultravision |
| 7:40 | Entangling Roots |
| 8:44 | Staff of Teleportation |
| 8:44 | Boots of Speed |
| 8:48 | Periapt of Vitality |
| 9:23 | Well Spring |
| 9:57 | Moon Well |
| 9:58 | Moon Well |
| 10:12 | Potion of Healing |
| 10:16 | Orb of Venom |
| 10:44 | Wisp |
| 10:44 | Wisp |
| 10:45 | Wisp |
| 10:45 | Wisp |
| 10:46 | Wisp |
| 11:28 | Thorns Aura |
| 12:06 | Moon Well |
| 12:07 | Moon Well |
| 12:07 | Moon Well |
| 12:08 | Moon Well |
| 12:19 | Moon Well |
| 12:19 | Moon Well |
| 12:20 | Moon Well |
| 12:22 | Moon Well |
| 12:22 | Moon Well |
| 12:25 | Scroll of Regeneration |
| 12:26 | Lesser Clarity Potion |
| 12:42 | Orb of Venom |
| 13:17 | Shadow Strike |
| 13:29 | Wisp |
| 13:29 | Wisp |
| 14:13 | Staff of Sanctuary |
| 14:17 | Staff of Sanctuary |
| 14:49 | Nature's Blessing |
| 15:33 | Tree of Life |
| 16:30 | Entangling Roots |
| 17:00 | Wisp |
| 17:00 | Wisp |
| 17:00 | Wisp |
| 17:00 | Wisp |
| 17:00 | Wisp |
| 17:01 | Wisp |
| 17:01 | Wisp |
| 18:33 | Moon Well |
| 18:34 | Moon Well |
| 18:36 | Wisp |
| 18:36 | Wisp |
| 18:36 | Wisp |
| 18:36 | Wisp |
| 18:37 | Wisp |
| 18:39 | Wisp |
| 18:39 | Wisp |
| 18:39 | Wisp |
| 18:40 | Wisp |
| 18:40 | Wisp |
| 18:43 | Moon Well |
| 18:44 | Moon Well |
| 18:45 | Moon Well |
| 18:49 | Moon Well |
| 18:50 | Moon Well |
| 18:51 | Moon Well |
| 18:54 | Moon Well |
| 18:55 | Moon Well |
| 18:55 | Moon Well |
| 19:00 | Moon Well |
| 19:01 | Moon Well |
| 19:03 | Moon Well |
| 19:04 | Moon Well |
| 19:05 | Moon Well |
| 19:05 | Moon Well |
| 19:07 | Moon Well |
| 19:08 | Moon Well |
| Right click | 1165 |
| Select group | 894 |
| Build/train/purchase | 265 |
| Chat | 201 |
| Select | 144 |
| Resource trade | 106 |
| Use ability | 70 |
| Minimap ping | 34 |
| Misc. action | 18 |
| Item give/drop | 6 |
| Assign group | 4 |
| Esc | 2 |
BEARAND
(19:17) : 


| Staff of Sanctuary | 2 | 500 |
| Boots of Speed | 4 | 1000 |
| Staff of Teleportation | 3 | 450 |
| total: | 9 | 1950g |
| Peasant | 24 | 1800 | / | 0 |
| Priest | 2 | 270 | / | 20 |
| total: | 26 | 2070g | / | 20w |
| Scout Tower | 46 | 1380 | / | 920 |
| Arcane Tower | 3 | 210 | / | 150 |
| Guard Tower | 22 | 1540 | / | 1100 |
| Altar of Kings | 1 | 180 | / | 50 |
| Farm | 4 | 320 | / | 80 |
| Lumber Mill | 1 | 120 | / | 0 |
| Town Hall | 2 | 770 | / | 410 |
| Arcane Vault | 3 | 390 | / | 90 |
| Arcane Sanctum | 1 | 150 | / | 140 |
| Keep | 1 | 320 | / | 210 |
| Castle | 1 | 360 | / | 210 |
| total: | 58 | 3310g | / | 1690w |
| 0:01 | Peasant |
| 0:01 | Peasant |
| 0:06 | Altar of Kings |
| 0:17 | Farm |
| 0:24 | Peasant |
| 0:44 | Peasant |
| 0:54 | Lumber Mill |
| 0:55 | Peasant |
| 0:56 | Farm |
| 0:59 | Peasant |
| 1:08 | Peasant |
| 1:26 | Scout Tower |
| 1:30 | Peasant |
| 1:39 | Scout Tower |
| 1:42 | Scout Tower |
| 1:42 | Scout Tower |
| 1:43 | Peasant |
| 1:59 | Arcane Tower |
| 2:04 | Scout Tower |
| 2:05 | Scout Tower |
| 2:07 | Peasant |
| 2:08 | Summon Water Elemental |
| 2:18 | Scout Tower |
| 2:31 | Peasant |
| 2:31 | Peasant |
| 2:38 | Guard Tower |
| 2:40 | Scout Tower |
| 2:43 | Peasant |
| 2:53 | Guard Tower |
| 2:55 | Scout Tower |
| 2:56 | Scout Tower |
| 3:10 | Guard Tower |
| 3:21 | Scout Tower |
| 3:21 | Scout Tower |
| 3:32 | Brilliance Aura |
| 3:35 | Guard Tower |
| 3:36 | Peasant |
| 3:53 | Guard Tower |
| 4:12 | Keep |
| 4:13 | Boots of Speed |
| 4:13 | Staff of Teleportation |
| 4:27 | Guard Tower |
| 4:29 | Guard Tower |
| 4:50 | Farm |
| 4:51 | Farm |
| 5:11 | Town Hall |
| 5:12 | Scout Tower |
| 5:24 | Scout Tower |
| 5:24 | Scout Tower |
| 5:41 | Guard Tower |
| 6:31 | Summon Water Elemental |
| 7:07 | Guard Tower |
| 7:09 | Scout Tower |
| 7:09 | Scout Tower |
| 7:12 | Scout Tower |
| 7:12 | Scout Tower |
| 7:13 | Scout Tower |
| 7:14 | Scout Tower |
| 7:14 | Scout Tower |
| 7:15 | Improved Lumber Harvesting |
| 7:42 | Storm Bolt |
| 8:47 | Castle |
| 8:49 | Guard Tower |
| 8:51 | Scout Tower |
| 8:51 | Scout Tower |
| 8:51 | Scout Tower |
| 8:52 | Scout Tower |
| 8:53 | Scout Tower |
| 8:53 | Scout Tower |
| 8:54 | Scout Tower |
| 8:55 | Scout Tower |
| 8:55 | Scout Tower |
| 9:08 | Guard Tower |
| 9:10 | Scout Tower |
| 9:10 | Scout Tower |
| 9:17 | Peasant |
| 9:17 | Peasant |
| 9:17 | Peasant |
| 9:19 | Arcane Tower |
| 9:21 | Arcane Sanctum |
| 9:27 | Boots of Speed |
| 9:52 | Arcane Tower |
| 9:53 | Guard Tower |
| 9:55 | Improved Masonry |
| 10:04 | Guard Tower |
| 10:05 | Scout Tower |
| 10:06 | Scout Tower |
| 10:07 | Scout Tower |
| 10:07 | Scout Tower |
| 10:41 | Guard Tower |
| 10:42 | Scout Tower |
| 10:42 | Scout Tower |
| 10:43 | Scout Tower |
| 10:44 | Scout Tower |
| 10:44 | Scout Tower |
| 10:45 | Scout Tower |
| 10:45 | Scout Tower |
| 10:46 | Scout Tower |
| 10:46 | Scout Tower |
| 11:05 | Bash |
| 11:28 | Guard Tower |
| 11:29 | Guard Tower |
| 11:29 | Guard Tower |
| 11:31 | Peasant |
| 11:52 | Arcane Vault |
| 11:53 | Arcane Vault |
| 12:09 | Holy Light |
| 12:58 | Boots of Speed |
| 12:58 | Staff of Teleportation |
| 12:59 | Boots of Speed |
| 13:08 | Arcane Vault |
| 13:10 | Magic Sentry |
| 13:11 | Priest |
| 13:11 | Priest Adept Training |
| 13:12 | Priest |
| 13:14 | Guard Tower |
| 13:33 | Guard Tower |
| 13:35 | Advanced Masonry |
| 13:38 | Brilliance Aura |
| 14:47 | Guard Tower |
| 14:50 | Town Hall |
| 15:43 | Peasant |
| 15:43 | Peasant |
| 15:44 | Peasant |
| 15:44 | Peasant |
| 15:44 | Peasant |
| 15:44 | Peasant |
| 16:21 | Storm Bolt |
| 16:26 | Divine Shield |
| 18:34 | Staff of Sanctuary |
| 18:35 | Staff of Sanctuary |
| 19:00 | Staff of Teleportation |
| Right click | 1620 |
| Select group | 370 |
| Select | 367 |
| Chat | 291 |
| Build/train/purchase | 129 |
| Use ability | 38 |
| Assign group | 30 |
| Misc. action | 25 |
| Resource trade | 13 |
| Minimap ping | 9 |
| Item give/drop | 6 |
| Esc | 1 |



| Healing Salve | 1 | 100 |
| Lesser Clarity Potion | 1 | 70 |
| Orb of Lightning | 1 | 375 |
| Boots of Speed | 2 | 500 |
| Staff of Teleportation | 2 | 300 |
| Staff of Sanctuary | 1 | 250 |
| total: | 8 | 1595g |
| Peon | 18 | 1350 | / | 0 |
| Forest Troll Shadow Priest | 1 | 195 | / | 10 |
| total: | 19 | 1545g | / | 10w |
| Watch Tower | 34 | 3740 | / | 2720 |
| Altar of Storms | 1 | 180 | / | 50 |
| Orc Burrow | 3 | 480 | / | 120 |
| War Mill | 1 | 205 | / | 0 |
| Voodoo Lounge | 1 | 130 | / | 30 |
| Great Hall | 1 | 385 | / | 185 |
| Beastiary | 2 | 290 | / | 280 |
| Stronghold | 1 | 315 | / | 190 |
| Fortress | 1 | 325 | / | 190 |
| total: | 43 | 5410g | / | 3385w |
| 0:03 | Peon |
| 0:03 | Peon |
| 0:06 | Altar of Storms |
| 0:19 | Orc Burrow |
| 0:21 | Peon |
| 0:39 | Peon |
| 0:49 | War Mill |
| 0:52 | Peon |
| 1:01 | Peon |
| 1:08 | Voodoo Lounge |
| 1:19 | Peon |
| 1:24 | Peon |
| 1:35 | Peon |
| 1:58 | Peon |
| 2:07 | Watch Tower |
| 2:12 | Shockwave |
| 2:19 | Watch Tower |
| 2:22 | Peon |
| 2:29 | Orc Burrow |
| 2:51 | Healing Salve |
| 2:52 | Lesser Clarity Potion |
| 3:12 | Watch Tower |
| 3:24 | Watch Tower |
| 3:59 | Endurance Aura |
| 4:12 | Peon |
| 4:13 | Peon |
| 4:13 | Peon |
| 4:27 | Watch Tower |
| 4:35 | Great Hall |
| 5:00 | Stronghold |
| 5:09 | Boots of Speed |
| 5:17 | Spiked Barricades |
| 5:31 | Watch Tower |
| 5:32 | Watch Tower |
| 5:54 | Watch Tower |
| 6:34 | Watch Tower |
| 6:37 | Watch Tower |
| 6:42 | Shockwave |
| 7:03 | Staff of Teleportation |
| 7:11 | Peon |
| 7:11 | Peon |
| 7:11 | Peon |
| 7:11 | Peon |
| 7:20 | Watch Tower |
| 7:41 | Watch Tower |
| 7:42 | Watch Tower |
| 8:11 | Fortress |
| 8:23 | Hex |
| 8:47 | Watch Tower |
| 8:49 | Boots of Speed |
| 9:05 | Staff of Teleportation |
| 9:14 | Watch Tower |
| 9:15 | Watch Tower |
| 9:18 | Improved Spiked Barricades |
| 9:18 | Reinforced Defenses |
| 9:51 | Watch Tower |
| 10:15 | Forest Troll Shadow Priest |
| 10:23 | Watch Tower |
| 10:25 | Watch Tower |
| 10:55 | Watch Tower |
| 11:26 | Healing Wave |
| 11:32 | Watch Tower |
| 11:33 | Watch Tower |
| 11:34 | Endurance Aura |
| 12:14 | Watch Tower |
| 12:24 | Frost Arrows |
| 12:29 | Watch Tower |
| 12:37 | Watch Tower |
| 12:39 | Watch Tower |
| 13:13 | Beastiary |
| 13:16 | Beastiary |
| 13:18 | Steel Armor |
| 13:26 | Watch Tower |
| 13:37 | Watch Tower |
| 13:56 | Watch Tower |
| 13:57 | Watch Tower |
| 14:31 | Liquid Fire |
| 14:33 | Orc Burrow |
| 14:36 | Watch Tower |
| 14:50 | Thorium Armor |
| 15:45 | Healing Wave |
| 15:46 | Forked Lightning |
| 15:51 | Watch Tower |
| 16:25 | Watch Tower |
| 16:43 | Arcanite Armor |
| 16:44 | Steel Ranged Weapons |
| 18:02 | Watch Tower |
| 18:23 | Orb of Lightning |
| 18:35 | Staff of Sanctuary |
| 18:59 | Shockwave |
| Right click | 1116 |
| Select | 438 |
| Select group | 200 |
| Misc. action | 153 |
| Chat | 65 |
| Build/train/purchase | 55 |
| Use ability | 47 |
| Item give/drop | 6 |
| Assign group | 4 |
| Minimap ping | 3 |
| Remove unit | 1 |



| Scroll of Regeneration | 2 | 200 |
| Staff of Sanctuary | 2 | 500 |
| Orb of Fire | 1 | 325 |
| Staff of Teleportation | 2 | 300 |
| Boots of Speed | 2 | 500 |
| total: | 9 | 1825g |
| Peasant | 27 | 2025 | / | 0 |
| total: | 27 | 2025g | / | 0w |
| Scout Tower | 112 | 3360 | / | 2240 |
| Arcane Tower | 2 | 140 | / | 100 |
| Guard Tower | 63 | 4410 | / | 3150 |
| Altar of Kings | 2 | 360 | / | 100 |
| Lumber Mill | 1 | 120 | / | 0 |
| Farm | 4 | 320 | / | 80 |
| Town Hall | 2 | 770 | / | 410 |
| Arcane Vault | 4 | 520 | / | 120 |
| Arcane Sanctum | 1 | 150 | / | 140 |
| Keep | 7 | 2240 | / | 1470 |
| Castle | 1 | 360 | / | 210 |
| total: | 126 | 5600g | / | 3090w |
| 0:01 | Peasant |
| 0:06 | Altar of Kings |
| 0:06 | Altar of Kings |
| 0:07 | Peasant |
| 0:18 | Lumber Mill |
| 0:21 | Peasant |
| 0:32 | Farm |
| 0:33 | Peasant |
| 0:57 | Peasant |
| 1:27 | Scout Tower |
| 1:28 | Scout Tower |
| 1:28 | Peasant |
| 1:38 | Peasant |
| 1:49 | Scout Tower |
| 1:51 | Scout Tower |
| 1:54 | Peasant |
| 1:57 | Arcane Tower |
| 2:03 | Farm |
| 2:17 | Scout Tower |
| 2:18 | Scout Tower |
| 2:24 | Blizzard |
| 2:27 | Guard Tower |
| 2:29 | Scout Tower |
| 2:29 | Scout Tower |
| 3:06 | Guard Tower |
| 3:11 | Scout Tower |
| 3:24 | Scout Tower |
| 3:42 | Guard Tower |
| 3:45 | Scout Tower |
| 3:46 | Guard Tower |
| 3:48 | Scout Tower |
| 3:49 | Scout Tower |
| 3:50 | Scout Tower |
| 3:52 | Scout Tower |
| 3:58 | Peasant |
| 3:59 | Peasant |
| 4:03 | Scout Tower |
| 4:06 | Brilliance Aura |
| 4:12 | Scout Tower |
| 4:14 | Scout Tower |
| 4:22 | Guard Tower |
| 4:24 | Guard Tower |
| 4:27 | Scout Tower |
| 4:27 | Scout Tower |
| 4:28 | Scout Tower |
| 4:28 | Scout Tower |
| 4:35 | Scout Tower |
| 4:36 | Scout Tower |
| 4:41 | Guard Tower |
| 4:48 | Guard Tower |
| 4:53 | Scout Tower |
| 4:54 | Scout Tower |
| 4:55 | Scout Tower |
| 5:22 | Guard Tower |
| 5:23 | Guard Tower |
| 5:24 | Peasant |
| 5:24 | Peasant |
| 5:32 | Guard Tower |
| 5:35 | Scout Tower |
| 5:35 | Scout Tower |
| 5:36 | Scout Tower |
| 5:36 | Scout Tower |
| 5:45 | Town Hall |
| 5:54 | Peasant |
| 5:56 | Improved Masonry |
| 5:59 | Guard Tower |
| 6:07 | Guard Tower |
| 6:19 | Staff of Teleportation |
| 7:11 | Peasant |
| 7:13 | Guard Tower |
| 7:16 | Scout Tower |
| 7:16 | Scout Tower |
| 7:17 | Scout Tower |
| 7:17 | Scout Tower |
| 7:19 | Scout Tower |
| 7:19 | Scout Tower |
| 7:20 | Scout Tower |
| 7:32 | Scout Tower |
| 7:33 | Scout Tower |
| 7:33 | Scout Tower |
| 7:34 | Scout Tower |
| 7:38 | Peasant |
| 7:38 | Peasant |
| 7:41 | Keep |
| 7:53 | Keep |
| 7:55 | Scout Tower |
| 8:15 | Peasant |
| 8:16 | Peasant |
| 8:20 | Scout Tower |
| 8:21 | Scout Tower |
| 8:21 | Scout Tower |
| 8:22 | Arcane Tower |
| 8:32 | Blizzard |
| 9:17 | Guard Tower |
| 9:18 | Scout Tower |
| 9:19 | Scout Tower |
| 9:19 | Scout Tower |
| 9:20 | Scout Tower |
| 9:28 | Arcane Vault |
| 9:29 | Arcane Vault |
| 9:53 | Guard Tower |
| 9:58 | Guard Tower |
| 9:59 | Arcane Vault |
| 10:06 | Arcane Vault |
| 10:08 | Peasant |
| 10:12 | Guard Tower |
| 10:17 | Peasant |
| 10:18 | Peasant |
| 10:23 | Farm |
| 10:34 | Castle |
| 10:48 | Breath of Fire |
| 10:52 | Scout Tower |
| 10:52 | Scout Tower |
| 10:53 | Scout Tower |
| 10:53 | Scout Tower |
| 11:28 | Keep |
| 11:34 | Peasant |
| 11:35 | Peasant |
| 11:35 | Farm |
| 11:37 | Advanced Masonry |
| 11:40 | Scout Tower |
| 11:40 | Scout Tower |
| 11:41 | Scout Tower |
| 11:41 | Scout Tower |
| 11:43 | Scout Tower |
| 11:43 | Scout Tower |
| 11:45 | Scout Tower |
| 11:46 | Scout Tower |
| 11:47 | Scout Tower |
| 11:48 | Guard Tower |
| 11:49 | Scroll of Regeneration |
| 12:00 | Guard Tower |
| 12:02 | Arcane Sanctum |
| 12:33 | Staff of Teleportation |
| 12:42 | Scout Tower |
| 12:43 | Scout Tower |
| 12:43 | Scout Tower |
| 12:44 | Scout Tower |
| 12:48 | Scout Tower |
| 12:48 | Scout Tower |
| 12:50 | Guard Tower |
| 13:01 | Drunken Haze |
| 13:02 | Peasant |
| 13:03 | Imbued Masonry |
| 13:05 | Guard Tower |
| 13:07 | Scout Tower |
| 13:07 | Scout Tower |
| 13:13 | Scroll of Regeneration |
| 13:17 | Staff of Sanctuary |
| 13:20 | Staff of Sanctuary |
| 13:20 | Orb of Fire |
| 13:34 | Guard Tower |
| 13:36 | Scout Tower |
| 13:36 | Scout Tower |
| 13:37 | Scout Tower |
| 13:37 | Scout Tower |
| 13:39 | Boots of Speed |
| 13:44 | Boots of Speed |
| 13:49 | Guard Tower |
| 13:52 | Magic Sentry |
| 13:57 | Holy Light |
| 14:04 | Guard Tower |
| 14:10 | Scout Tower |
| 14:11 | Scout Tower |
| 14:12 | Scout Tower |
| 14:13 | Scout Tower |
| 14:13 | Scout Tower |
| 14:14 | Scout Tower |
| 14:31 | Guard Tower |
| 14:38 | Peasant |
| 14:42 | Improved Lumber Harvesting |
| 14:51 | Scout Tower |
| 14:52 | Scout Tower |
| 14:52 | Scout Tower |
| 14:55 | Scout Tower |
| 15:12 | Scout Tower |
| 15:14 | Scout Tower |
| 15:14 | Scout Tower |
| 15:15 | Scout Tower |
| 15:20 | Scout Tower |
| 15:26 | Scout Tower |
| 15:27 | Scout Tower |
| 15:31 | Scout Tower |
| 15:32 | Scout Tower |
| 15:32 | Scout Tower |
| 15:32 | Scout Tower |
| 15:42 | Guard Tower |
| 15:47 | Guard Tower |
| 15:55 | Scout Tower |
| 15:57 | Scout Tower |
| 16:05 | Guard Tower |
| 16:06 | Guard Tower |
| 16:19 | Guard Tower |
| 16:21 | Peasant |
| 16:22 | Peasant |
| 16:31 | Guard Tower |
| 16:40 | Guard Tower |
| 16:42 | Scout Tower |
| 16:42 | Scout Tower |
| 16:43 | Scout Tower |
| 16:44 | Scout Tower |
| 17:10 | Guard Tower |
| 17:11 | Scout Tower |
| 17:12 | Scout Tower |
| 17:13 | Scout Tower |
| 17:15 | Scout Tower |
| 17:15 | Scout Tower |
| 17:16 | Scout Tower |
| 17:36 | Scout Tower |
| 17:36 | Scout Tower |
| 17:37 | Scout Tower |
| 17:40 | Town Hall |
| 18:00 | Brilliance Aura |
| 18:06 | Guard Tower |
| 18:08 | Guard Tower |
| 18:29 | Scout Tower |
| Right click | 974 |
| Select | 549 |
| Build/train/purchase | 230 |
| Select group | 209 |
| Assign group | 205 |
| Chat | 63 |
| Use ability | 34 |
| Minimap ping | 5 |
| Misc. action | 4 |
| Item give/drop | 4 |
| Remove unit | 3 |
| Esc | 1 |
145 units @ 19.6k
/ 2.7k
81 buildings @ 13.3k
/ 5.1k

| Acolyte | 4 | 300 | / | 0 |
| Ghoul | 10 | 1200 | / | 0 |
| Crypt Fiend | 12 | 2580 | / | 480 |
| Obsidian Statue | 4 | 800 | / | 140 |
| Abomination | 4 | 960 | / | 280 |
| Frost Wyrm | 2 | 770 | / | 240 |
| total: | 36 | 6610g | / | 1140w |
| Spirit Tower | 3 | 435 | / | 120 |
| Nerubian Tower | 1 | 100 | / | 20 |
| Altar of Darkness | 1 | 180 | / | 50 |
| Ziggurat | 6 | 900 | / | 300 |
| Crypt | 2 | 400 | / | 100 |
| Graveyard | 1 | 215 | / | 0 |
| Tomb of Relics | 1 | 130 | / | 30 |
| Sacrificial Pit | 1 | 75 | / | 150 |
| Slaughterhouse | 1 | 140 | / | 135 |
| Boneyard | 1 | 175 | / | 200 |
| Halls of the Dead | 1 | 320 | / | 210 |
| Black Citadel | 1 | 325 | / | 230 |
| total: | 14 | 2215g | / | 965w |
| 0:07 | Acolyte |
| 0:07 | Acolyte |
| 0:08 | Acolyte |
| 0:18 | Altar of Darkness |
| 0:23 | Ziggurat |
| 0:58 | Crypt |
| 1:04 | Ziggurat |
| 1:40 | Crypt |
| 2:09 | Graveyard |
| 2:18 | Ghoul |
| 2:18 | Ghoul |
| 2:20 | Ghoul |
| 2:39 | Vampiric Aura |
| 2:42 | Ghoul |
| 2:42 | Ghoul |
| 3:03 | Ghoul |
| 3:04 | Ghoul |
| 3:39 | Ziggurat |
| 3:54 | Crypt Fiend |
| 4:58 | Sleep |
| 5:03 | Ghoul |
| 5:04 | Ghoul |
| 5:04 | Crypt Fiend |
| 5:12 | Halls of the Dead |
| 5:18 | Ziggurat |
| 5:24 | Spirit Tower |
| 5:34 | Nerubian Tower |
| 5:46 | Unholy Strength |
| 6:29 | Tomb of Relics |
| 6:34 | Ghoul |
| 6:35 | Crypt Fiend |
| 6:47 | Spirit Tower |
| 7:38 | Crypt Fiend |
| 7:42 | Web |
| 7:55 | Sacrificial Pit |
| 8:08 | Slaughterhouse |
| 10:03 | Obsidian Statue |
| 10:04 | Obsidian Statue |
| 10:06 | Black Citadel |
| 10:09 | Crypt Fiend |
| 10:10 | Crypt Fiend |
| 10:10 | Crypt Fiend |
| 10:10 | Crypt Fiend |
| 10:14 | Crypt Fiend |
| 10:22 | Ziggurat |
| 11:11 | Ziggurat |
| 12:17 | Obsidian Statue |
| 12:19 | Crypt Fiend |
| 12:20 | Crypt Fiend |
| 12:30 | Spirit Tower |
| 12:38 | Crypt Fiend |
| 12:52 | Destroyer Form |
| 12:55 | Disease Cloud |
| 13:13 | Acolyte |
| 13:35 | Abomination |
| 14:19 | Boneyard |
| 14:51 | Obsidian Statue |
| 16:28 | Frost Wyrm |
| 17:06 | Abomination |
| 17:07 | Abomination |
| 18:00 | Frost Wyrm |
| 18:52 | Abomination |
| 18:56 | Freezing Breath |
| Right click | 331 |
| Select | 175 |
| Misc. action | 86 |
| Build/train/purchase | 55 |
| Select group | 39 |
| Assign group | 14 |
| Use ability | 6 |
| Remove unit | 1 |

| Healing Salve | 1 | 100 |
| Lesser Clarity Potion | 2 | 140 |
| Orb of Lightning | 1 | 375 |
| Scroll of Town Portal | 1 | 350 |
| total: | 5 | 965g |
| Peon | 29 | 2175 | / | 0 |
| Grunt | 3 | 600 | / | 0 |
| Tauren | 7 | 1960 | / | 560 |
| Shaman | 4 | 520 | / | 80 |
| total: | 43 | 5255g | / | 640w |
| Watch Tower | 3 | 330 | / | 240 |
| Altar of Storms | 1 | 180 | / | 50 |
| Orc Burrow | 17 | 2720 | / | 680 |
| Barracks | 1 | 180 | / | 50 |
| War Mill | 1 | 205 | / | 0 |
| Voodoo Lounge | 1 | 130 | / | 30 |
| Great Hall | 1 | 385 | / | 185 |
| Tauren Totem | 1 | 135 | / | 155 |
| Spirit Lodge | 1 | 150 | / | 150 |
| Stronghold | 1 | 315 | / | 190 |
| Fortress | 1 | 325 | / | 190 |
| total: | 27 | 4415g | / | 1540w |
| 0:05 | Peon |
| 0:05 | Peon |
| 0:05 | Peon |
| 0:13 | Altar of Storms |
| 0:23 | Orc Burrow |
| 0:41 | Barracks |
| 0:46 | Peon |
| 0:57 | Peon |
| 1:13 | Peon |
| 1:34 | Orc Burrow |
| 1:38 | Peon |
| 1:51 | War Mill |
| 1:54 | Peon |
| 2:02 | Peon |
| 2:10 | Peon |
| 2:19 | Feral Spirit |
| 2:33 | Voodoo Lounge |
| 2:53 | Stronghold |
| 3:39 | Orc Burrow |
| 3:41 | Grunt |
| 3:43 | Steel Armor |
| 4:04 | Chain Lighting |
| 4:08 | Grunt |
| 5:02 | Orc Burrow |
| 5:10 | Grunt |
| 5:13 | Steel Melee Weapons |
| 5:17 | Fortress |
| 5:40 | Healing Salve |
| 6:07 | Great Hall |
| 6:28 | Berserker Strength |
| 6:30 | Thorium Armor |
| 6:34 | Feral Spirit |
| 7:02 | Thorium Melee Weapons |
| 8:50 | Peon |
| 8:50 | Peon |
| 8:50 | Peon |
| 8:52 | Peon |
| 8:55 | Arcanite Armor |
| 9:09 | Tauren Totem |
| 9:13 | Spirit Lodge |
| 9:23 | Backpack |
| 9:55 | Orc Burrow |
| 9:59 | Orc Burrow |
| 10:04 | Peon |
| 10:09 | Arcanite Melee Weapons |
| 10:35 | Orc Burrow |
| 10:37 | Orc Burrow |
| 10:43 | Orc Burrow |
| 10:47 | Pulverize |
| 10:49 | Lesser Clarity Potion |
| 10:52 | Orb of Lightning |
| 11:02 | Scroll of Town Portal |
| 12:03 | Peon |
| 12:03 | Peon |
| 12:16 | Shaman Adept Training |
| 12:44 | Orc Burrow |
| 12:46 | Orc Burrow |
| 12:53 | Peon |
| 12:53 | Peon |
| 12:56 | Reinforced Defenses |
| 12:59 | Tauren |
| 12:59 | Tauren |
| 13:21 | Shaman Master Training |
| 14:01 | Shaman |
| 14:01 | Shaman |
| 14:06 | Peon |
| 14:06 | Peon |
| 14:06 | Peon |
| 14:06 | Peon |
| 14:07 | Peon |
| 14:28 | Orc Burrow |
| 14:29 | Orc Burrow |
| 14:34 | Orc Burrow |
| 14:37 | Peon |
| 14:37 | Peon |
| 14:41 | Tauren |
| 14:41 | Tauren |
| 14:44 | Shaman |
| 14:44 | Shaman |
| 16:24 | Tauren |
| 16:24 | Tauren |
| 16:30 | Peon |
| 16:31 | Peon |
| 16:31 | Peon |
| 16:51 | Orc Burrow |
| 17:05 | Orc Burrow |
| 17:11 | Tauren |
| 17:20 | Lesser Clarity Potion |
| 17:25 | Orc Burrow |
| 17:38 | Watch Tower |
| 17:43 | Watch Tower |
| 17:47 | Watch Tower |
| Right click | 421 |
| Select | 300 |
| Build/train/purchase | 88 |
| Misc. action | 19 |
| Use ability | 19 |
| Minimap ping | 9 |
| Item give/drop | 2 |

| Orb of Venom | 1 | 325 |
| Scroll of Town Portal | 1 | 350 |
| total: | 2 | 675g |
| Wisp | 30 | 1800 | / | 0 |
| Forest Troll Shadow Priest | 3 | 585 | / | 30 |
| Forest Troll Berserker | 2 | 490 | / | 60 |
| Ogre Mauler | 2 | 600 | / | 0 |
| total: | 37 | 3475g | / | 90w |
| Ancient Protector | 9 | 1215 | / | 720 |
| Altar of Elders | 1 | 180 | / | 50 |
| Moon Well | 9 | 1620 | / | 360 |
| Hunter's Hall | 1 | 210 | / | 100 |
| Ancient of Wonders | 1 | 90 | / | 30 |
| Tree of Ages | 1 | 320 | / | 180 |
| Tree of Eternity | 1 | 330 | / | 200 |
| total: | 21 | 3315g | / | 1260w |
| 0:03 | Wisp |
| 0:03 | Wisp |
| 0:22 | Altar of Elders |
| 0:27 | Wisp |
| 0:27 | Wisp |
| 0:34 | Moon Well |
| 0:52 | Wisp |
| 0:52 | Wisp |
| 0:53 | Wisp |
| 0:53 | Wisp |
| 1:09 | Wisp |
| 1:28 | Moon Well |
| 1:45 | Wisp |
| 1:45 | Wisp |
| 1:46 | Wisp |
| 1:46 | Wisp |
| 2:20 | Hunter's Hall |
| 2:23 | Moon Well |
| 2:35 | Pocket Factory |
| 3:40 | Wisp |
| 3:41 | Wisp |
| 3:41 | Wisp |
| 3:41 | Wisp |
| 3:49 | Moon Well |
| 4:04 | Ancient Protector |
| 4:05 | Ancient Protector |
| 4:29 | Wisp |
| 4:29 | Wisp |
| 4:30 | Wisp |
| 4:30 | Wisp |
| 4:30 | Wisp |
| 4:30 | Wisp |
| 4:50 | Ancient Protector |
| 5:52 | Engineering Upgrade |
| 6:23 | Moon Well |
| 6:45 | Tree of Ages |
| 7:25 | Moon Well |
| 8:23 | Ancient of Wonders |
| 8:30 | Moon Well |
| 8:46 | Moon Well |
| 9:49 | Pocket Factory |
| 9:55 | Moon Well |
| 10:05 | Tree of Eternity |
| 11:25 | Scroll of Town Portal |
| 11:48 | Ancient Protector |
| 13:05 | Nature's Blessing |
| 13:20 | Orb of Venom |
| 13:52 | Forest Troll Shadow Priest |
| 13:52 | Forest Troll Berserker |
| 13:53 | Ogre Mauler |
| 15:06 | Ancient Protector |
| 15:07 | Ancient Protector |
| 15:09 | Ancient Protector |
| 15:10 | Ancient Protector |
| 15:21 | Ancient Protector |
| 15:32 | Ogre Mauler |
| 15:32 | Forest Troll Berserker |
| 15:33 | Forest Troll Shadow Priest |
| 15:43 | Wisp |
| 15:43 | Wisp |
| 15:43 | Wisp |
| 15:43 | Wisp |
| 15:43 | Wisp |
| 15:44 | Wisp |
| 15:44 | Wisp |
| 16:20 | Well Spring |
| 16:28 | Forest Troll Shadow Priest |
| Right click | 593 |
| Select | 160 |
| Chat | 128 |
| Build/train/purchase | 56 |
| Use ability | 18 |
| Misc. action | 3 |


| Peon | 15 | 1125 | / | 0 |
| Shaman | 3 | 390 | / | 60 |
| Tauren | 8 | 2240 | / | 640 |
| Spirit Walker | 1 | 195 | / | 35 |
| Troll Witch Doctor | 2 | 290 | / | 50 |
| total: | 29 | 4240g | / | 785w |
| Altar of Storms | 1 | 180 | / | 50 |
| Orc Burrow | 9 | 1440 | / | 360 |
| War Mill | 1 | 205 | / | 0 |
| Barracks | 3 | 540 | / | 150 |
| Great Hall | 1 | 385 | / | 185 |
| Tauren Totem | 2 | 270 | / | 310 |
| Spirit Lodge | 2 | 300 | / | 300 |
| Stronghold | 2 | 630 | / | 380 |
| Fortress | 1 | 325 | / | 190 |
| total: | 19 | 3320g | / | 1355w |
| 0:05 | Peon |
| 0:05 | Peon |
| 0:05 | Peon |
| 0:09 | Altar of Storms |
| 0:16 | Orc Burrow |
| 0:39 | Peon |
| 0:39 | Peon |
| 0:39 | Peon |
| 1:03 | Peon |
| 1:48 | Stronghold |
| 2:44 | Orc Burrow |
| 2:56 | Feral Spirit |
| 3:07 | War Mill |
| 4:46 | Chain Lighting |
| 4:50 | Fortress |
| 5:00 | Tauren Totem |
| 5:06 | Tauren Totem |
| 5:11 | Spirit Lodge |
| 6:43 | Spirit Lodge |
| 6:52 | Orc Burrow |
| 7:13 | Peon |
| 7:13 | Peon |
| 7:46 | Shaman Adept Training |
| 7:58 | Orc Burrow |
| 8:01 | Peon |
| 8:07 | Shaman |
| 9:11 | Tauren |
| 9:15 | Tauren |
| 9:21 | Orc Burrow |
| 9:29 | Orc Burrow |
| 9:48 | Barracks |
| 10:01 | Great Hall |
| 10:17 | Tauren |
| 10:17 | Tauren |
| 10:31 | Orc Burrow |
| 10:34 | Peon |
| 10:34 | Peon |
| 10:52 | Orc Burrow |
| 11:10 | Shaman Master Training |
| 12:09 | Endurance Aura |
| 12:29 | Steel Armor |
| 12:33 | Shaman |
| 12:36 | Tauren |
| 12:41 | Peon |
| 12:41 | Peon |
| 12:41 | Peon |
| 12:47 | Steel Melee Weapons |
| 12:52 | Tauren |
| 13:34 | Pulverize |
| 14:00 | Barracks |
| 14:12 | Tauren |
| 14:21 | Tauren |
| 14:53 | Shaman |
| 14:56 | Witch Doctor Adept Training |
| 15:23 | Barracks |
| 15:42 | Berserker Upgrade |
| 15:50 | Thorium Melee Weapons |
| 16:17 | Spirit Walker |
| 16:58 | Orc Burrow |
| 17:02 | Witch Doctor Master Training |
| 18:52 | Feral Spirit |
| 19:07 | Troll Witch Doctor |
| 19:07 | Troll Witch Doctor |
| Right click | 599 |
| Select group | 357 |
| Select | 176 |
| Chat | 103 |
| Build/train/purchase | 56 |
| Misc. action | 39 |
| Assign group | 14 |
| Use ability | 3 |
⇛